 Dungeon Crawl Stone Soup version 0.31.0-32-g396128a36d (webtiles) character file.

Game seed: 11886161764647745323

330 AdnanSaban the Covered (level 6, -1/38 HPs)
             Began as a Gargoyle Fighter on Apr 15, 2024.
             Slain by a wyvern (10 damage)
             ... on level 5 of the Dungeon.
             The game lasted 00:03:24 (3119 turns).

AdnanSaban the Covered (Gargoyle Fighter)           Turns: 3119, Time: 00:03:25

Health: -1/38      AC: 13    Str: 21    XL:     6   Next: 51%
Magic:  6/6        EV:  9    Int:  9    God:
Gold:   251        SH:  4    Dex:  9    Spells: 5/5 levels left

rFire   . . .        a - +0 flail
rCold   . . .        c - +0 buckler
rNeg    + . .        b - +0 scale mail
rPois   ∞            k - +2 hat
rElec   +            (no cloak)
rCorr   .            (no gloves)
SInv    .            (no boots)
Will    .....        (no amulet) Stlth
                     (no ring)
HPRegen 0.26/turn    (no ring)
MPRegen 0.10/turn

%: no passive effects
@: no status effects
A: sickness immunity, AC +4, negative energy resistance 1, electricity
resistance, torment resistance 1, petrification resistance
a: no special abilities


You were on level 5 of the Dungeon.
You visited 1 branch of the dungeon, and saw 5 of its levels.

You collected 251 gold pieces.

Inventory:

Hand Weapons
 a - a +0 flail (weapon)
Missiles
 l - 8 poisoned darts (quivered)
 p - 5 boomerangs
Armour
 b - a +0 scale mail (worn)
 c - a +0 buckler (worn)
 k - a +2 hat (worn)
Jewellery
 o - an amulet of regeneration
 u - a +6 ring of dexterity
Wands
 t - a wand of charming (3)
Scrolls
 e - 6 scrolls of identify {unknown}
 f - 2 scrolls of teleportation {unknown}
 i - 2 scrolls of blinking {unknown}
 j - a scroll of vulnerability {unknown}
 q - a scroll of enchant weapon {unknown}
 s - a scroll of noise {unknown}
Potions
 d - 2 potions of might
 g - a potion of attraction {unknown}
 h - a potion of heal wounds {unknown}
 m - 2 potions of brilliance {unknown}
 n - 2 potions of curing {unknown}
 r - a potion of mutation {unknown}
 v - a potion of lignification {unknown}


   Skills:
 + Level 4.2 Fighting
 + Level 4.4 Maces & Flails
 + Level 4.9 Armour
 + Level 1.1 Dodging
 + Level 0.3 Stealth
 + Level 3.9 Shields


You had 5 spell levels left.
You didn't know any spells.
Your spell library was empty.

Dungeon Overview and Level Annotations

Branches:
Dungeon (5/15)
 Temple: D:4-7

Altars:
Dithmenos
Fedhas
Nemelex Xobeh

Shops:
D:2 *

Annotations:
D:2 Sigmund


Innate Abilities, Weirdness & Mutations

You are immune to sickness and miasma.
Your stone body is resilient. (AC +4)
You are immune to poison.
You resist negative energy. (rN+)
You are resistant to electric shocks. (rElec)
You are resistant to unholy torment.
You are immune to petrification.


Message History

You hit the howler monkey.
You kill the howler monkey!
You block the wyvern's attack. The wyvern bites you!
You closely miss the wyvern.
The wyvern bites you but does no damage.
A hound comes into view.
The wyvern bites you but does no damage.
You hit the wyvern.
The wyvern is lightly wounded.
The wyvern bites you!
You sock the wyvern!
The wyvern is heavily wounded.
The wyvern closely misses you.
The wyvern bites you but does no damage.
You completely miss the wyvern.
The wyvern is heavily wounded.
The wyvern bites you!
* * * LOW HITPOINT WARNING * * *
The wyvern bites you but does no damage.
You are too injured to fight recklessly!
You are too injured to fight recklessly!
You are too injured to fight recklessly!
You are too injured to fight recklessly!
You are too injured to fight recklessly!
You are too injured to fight recklessly!
You are too injured to fight recklessly!
You are too injured to fight recklessly!
You are too injured to fight recklessly!
You are too injured to fight recklessly!
You are too injured to fight recklessly!
You are too injured to fight recklessly!
You are too injured to fight recklessly!
You are too injured to fight recklessly!
You are too injured to fight recklessly!
You are too injured to fight recklessly!
You are too injured to fight recklessly!
You are too injured to fight recklessly!
You are too injured to fight recklessly!
The wyvern attacks as it pursues you! The wyvern bites you!
You die...

..... ###...
#.... .......
....$.###........
.................
#....#...........
#....(...........
#.....#.#.#.##...
....#.hk$...#./..
#...#@#.#...#
###.......###
#..#.#.#.#
#........#
#...†....#
#........#
#....<...#
#........#
#........#


You could see a wyvern and a hound.

Vanquished Creatures
  A phantom (D:4)
  A howler monkey (D:5)
  A jelly (D:3)
  A hound (D:4)
  Jessica (D:3)
  A gnoll (D:1)
  6 adders
  A dart slug (D:5)
  2 ribbon worms
  An orc (D:4)
  8 endoplasms
  A giant cockroach (D:4)
  7 goblins
  3 hobgoblins
  5 jackals (D:1)
  4 quokkas
  4 ball pythons
  4 bats
  2 frilled lizards (D:1)
  7 kobolds
  4 rats
65 creatures vanquished.

Notes
Turn   | Place    | Note
-------+----------+-------------------------------------------
     0 | D:1      | AdnanSaban the Gargoyle Fighter began the quest for the
                  | Orb.
     0 | D:1      | Reached XP level 1. HP: 14/14 MP: 1/1
   168 | D:1      | Reached XP level 2. HP: 16/19 MP: 2/2
   397 | D:1      | Reached XP level 3. HP: 14/24 MP: 3/3
   902 | D:2      | Found a shadowy altar of Dithmenos.
  1028 | D:2      | Reached XP level 4. HP: 29/29 MP: 4/4
  1103 | D:2      | Found Petoj's Assorted Antiques.
  1393 | D:3      | Noticed Jessica
  1410 | D:3      | Killed Jessica
  1456 | D:3      | Reached XP level 5. HP: 30/33 MP: 5/5
  1558 | D:3      | Found a sparkling altar of Nemelex Xobeh.
  1983 | D:3      | Noticed Sigmund
  2682 | D:4      | Found a blossoming altar of Fedhas.
  2803 | D:4      | Noticed a phantom
  2829 | D:4      | Killed a phantom
  2830 | D:4      | Reached skill level 1 in Dodging
  2830 | D:4      | Reached XP level 6. HP: 30/38 MP: 6/6
  3078 | D:5      | Entered Level 5 of the Dungeon
  3109 | D:5      | Noticed a wyvern
  3119 | D:5      | Slain by a wyvern

Illustrated notes

Levels and vault maps discovered:
D:1:      scummos_arrival_forest, layout_rooms, minmay_pentomino_s2
D:2:      layout_loops_ring, basic_altar, serial_shops, shop,
          minmay_gold_behind_fungi
D:3:      layout_rooms, nemelex_xobeh_ov_fountains_minmay, uniq_jessica,
          uniq_sigmund
D:4:      layout_basic, fedhas_altar_fruit_tree
D:5:      layout_rooms, serial_glass, glass_columns_a, glass_columns_b

Skill      XL: |  1  2  3  4  5 |
---------------+----------------+-----
Armour         | 4 |  4.9
Maces & Flails | 3 4 |  4.4
Fighting       | 4 |  4.2
Dodging        | 1 |  1.1
Stealth        | |  0.3
Shields        | |  3.9

Action                     |  1- 3 |  4- 6 || total
---------------------------+-------+-------++-------
  Melee: Flail             |   125 |   147 ||   272
  Throw: Dart              |       |     2 ||     2
 Armour: Scale mail        |   110 |   125 ||   235
  Dodge: Dodged            |    72 |    58 ||   130
  Block: Buckler           |    34 |    25 ||    59
